 Dungeon Crawl Stone Soup version 0.29-a0-323-g050149af67 (webtiles) character file.

Game seed: 16010634113352232446

54 kae the Gusty (level 3, -4/31 HPs)
             Began as an Ogre Air Elementalist on Apr 11, 2022.
             Slain by Sigmund
             ... wielding a +0 scythe
              (7 damage)
             ... on level 2 of the Dungeon.
             The game lasted 00:01:04 (2236 turns).

kae the Gusty (Ogre Air Elementalist)               Turns: 2236, Time: 00:01:05

Health: -4/31      AC:  3    Str: 10 (12) XL:     3   Next: 91%
Magic:  4/7        EV:  9    Int: 16 (18) God:
Gold:   71         SH:  0    Dex:  8 (9)  Spells: 2/8 levels left

rFire   . . .      SeeInvis .   (no weapon)
rCold   . . .      Faith    .   (no shield)
rNeg    . . .      Spirit   .   a - +0 robe
rPois   .          Reflect  .   (helmet restricted)
rElec   .          Harm     .   (no cloak)
rCorr   .          Rampage  .   (gloves unavailable)
Will    .....                   (boots unavailable)
Stlth   +.........              (no amulet)
HPRegen 0.10/turn               (no ring)
MPRegen 0.10/turn               (no ring)

@: on berserk cooldown, slowed, very slow
A: large, unfitting armour, tough skin 1
a: no special abilities


You were on level 2 of the Dungeon.
You visited 1 branch of the dungeon, and saw 2 of its levels.

You collected 71 gold pieces.

Inventory:

Armour
 a - a +0 robe (worn)
Scrolls
 c - a scroll of noise {unknown}
 e - a scroll of fear {unknown}
 f - 4 scrolls of identify {unknown}
 i - a scroll of magic mapping {unknown}
Potions
 b - a potion of magic
 h - 2 potions of curing {unknown}


   Skills:
 - Level 1.7 Dodging
 - Level 1.4 Stealth
 + Level 3.0 Spellcasting
 + Level 1.7 Conjurations
 * Level 3.5 Air Magic


You had 2 spell levels left.
You knew the following spells:

 Your Spells              Type           Power      Damage    Failure   Level
a - Shock                 Conj/Air       44%        1d5       6%          1
b - Static Discharge      Conj/Air       11%        N/A       10%         2
c - Swiftness             Air            13%        N/A       13%         3

Your spell library contained the following spells:

 Spells                   Type           Power      Damage    Failure   Level
 Dazzling Flash           Conj/Hex       10%        N/A       36%         3
 Airstrike                Air            6%         N/A       38%         4
 Iskenderun's Mystic Bla  Conj/Tloc      5%         2d3       78%         4
 Starburst                Conj/Fire      2%         6d3       100%        6


Dungeon Overview and Level Annotations

Branches:
Dungeon (2/15)

Altars:

Shops:
D:1 =

Annotations:
D:2 Sigmund


Innate Abilities, Weirdness & Mutations

You are too large for most types of armour.
You have tough skin. (AC +1)


Message History

Aim: a rat (heavily wounded, 68% to hit)
The zap hits the rat.
You kill the rat!
Casting: Shock (safe; 5% risk of failure)
Confirm with . or Enter, or press ? or * to list all spells.
You can't see any susceptible monsters within range! (Use Z to cast anyway.)
Casting: Shock (safe; 5% risk of failure)
Confirm with . or Enter, or press ? or * to list all spells.
You can't see any susceptible monsters within range! (Use Z to cast anyway.)
Casting: Shock (safe; 5% risk of failure)
Confirm with . or Enter, or press ? or * to list all spells.
You can't see any susceptible monsters within range! (Use Z to cast anyway.)
Found 9 gold pieces.
You hear some strange, mumbled words.
You are confused.
There is an open door here.
It was a potion of degeneration.
There was something very wrong with that liquid.
You feel weakened.
You feel dopey.
You feel clumsy. Something hits you!
It was a potion of berserk rage.
A red film seems to cover your vision as you go berserk!
You feel yourself moving faster!
You feel mighty!
You hear some strange, mumbled words.
A magic dart appears from out of thin air!
The magic dart hits you.
You feel a strong urge to attack something.
You miss something. Something hits you.
You see here 9 gold pieces.
You bump into the stone wall.
You feel a strong urge to attack something.
Something hits you!
You feel less confused.
You feel your anger nearly subside.
You are no longer berserk.
You are exhausted.
You feel yourself slow down.
You barely miss something. Something hits you!
* * * LOW HITPOINT WARNING * * *
You closely miss something. Something hits you!
You die...

.#..†.(#.####.##.#
.#...[........##.#
.##...##..###########
.##...#.....#.......#
.##.........#.......#
.##..##...###....$..#
.....###....#.......#
.....# #.#<.#..?....#
.##..# #.##.#...@...#
.##..# #.#..#...{.$.#
###..###.##.####'####
.........##......#
.################# .#
##


There were no monsters in sight!

Vanquished Creatures
  An adder (D:2)
  3 orcs (D:2)
  3 ball pythons (D:1)
  3 endoplasms
  2 giant cockroaches (D:1)
  4 goblins
  5 hobgoblins
  4 jackals (D:1)
  A quokka (D:1)
  A bat (D:2)
  7 frilled lizards
  A kobold (D:1)
  5 rats
40 creatures vanquished.

Notes
Turn   | Place    | Note
-------+----------+-------------------------------------------
     0 | D:1      | kae the Ogre Air Elementalist began the quest for the Orb.
     0 | D:1      | Reached XP level 1. HP: 16/16 MP: 3/3
    44 | D:1      | Reached skill level 1 in Conjurations
   350 | D:1      | Reached XP level 2. HP: 3/24 MP: 0/5
   684 | D:1      | Found Taqea's Jewellery Shoppe.
  1313 | D:1      | Reached XP level 3. HP: 31/31 MP: 2/7
  1316 | D:1      | Learned a level 2 spell: Static Discharge
  1512 | D:1      | Learned a level 3 spell: Swiftness
  2221 | D:2      | Noticed Sigmund
  2236 | D:2      | Slain by Sigmund

Illustrated notes

Levels and vault maps discovered:
D:1:      dpeg_arrival_shrine, layout_basic, serial_shops, shop
D:2:      layout_basic, kennysheep_generic_room_8, uniq_sigmund, uniq_jessica

Skill      XL: |  1  2  3 |
---------------+----------+-----
Conjurations   | 1 |  1.7
Air Magic      | 3 |  3.5
Spellcasting   | 3 |  3.0
Dodging        | |  1.7
Stealth        | |  1.4

Action                   || total
-------------------------++-------
Melee: Unarmed           ||    65
       Punch             ||     1
 Cast: Shock             ||    71
  Use: Potion            ||     2
Armor: Robe              ||    23
Dodge: Dodged            ||    42

Table legend: (Time is in decaauts)
 A = Elapsed time spent in this place.
 B = Non-inter-level travel time spent in this place.
 C = Inter-level travel time spent in this place.
 D = Time resting spent in this place.
 E = Time spent auto-exploring this place.
 F = Levels seen in this place.
 G = Mean time per level.
                   A        B        C        D        E       F      G
               +--------+--------+--------+--------+--------+-----+--------+
         Total |   2235 |   2218 |     17 |    339 |   1638 |   2 | 1117.5 |
       Dungeon |   2235 |   2218 |     17 |    339 |   1638 |   2 | 1117.5 |
               +--------+--------+--------+--------+--------+-----+--------+

Top non-repeatable levels by time:
     D:1: 1529 daAuts
     D:2: 706 daAuts
